Map: Port Aleksander LE

Players

Kyboi - Winner!

  • Race: Zerg Zerg
  • League: Master
  • Spawn Location: 5:00

RockEr

  • Race: Terran Terran
  • League: Grandmaster
  • Spawn Location: 11:00

VOD

Have the link to the VOD?

Description

It's a bbq party

Time

  • Played on: April 27, 2019, 4:09 p.m.
  • Length: 10:17
Show
View Real Time Build Order
Export as new Build Order

Kyboi Zerg - Winner!

Build Orders: Pool First 

Get SALT Encoding   

  12  0:01  Drone  
  13  0:13  Drone  
  14  0:18  Overlord  
  14  0:36  Drone x2  
  14  0:38  Drone  
  17  0:46  Spawning Pool  
  17  0:49  Drone  
  17  1:10  Hatchery  
  16  1:21  Drone  
  17  1:33  Zergling x4  
  17  1:39  Queen  
  21  1:50  Hatchery  
  21  1:53  Drone  
  21  1:59  Overlord  
  21  2:09  Drone  
  22  2:17  Queen  
  24  2:22  Queen  
  24  2:27  Drone  
  27  2:37  Drone x2  
  27  2:38  Drone x2  
  31  2:46  Overlord  
  31  2:51  Drone x2  
  33  2:52  Drone  
  34  3:08  Drone x6  
  40  3:14  Queen  
  42  3:23  Queen  
  42  3:26  Extractor  
  43  3:33  Queen  
  43  3:34  Overlord  
  44  3:35  Overlord  
  44  3:40  Drone  
  44  3:41  Drone x2  
  47  3:42  Drone  
  47  3:44  Zergling x2  
  47  3:48  Overlord  
  49  4:06  Zergling x20  
  58  4:16  Drone x4  
  45  4:25  Drone x3  
  46  4:37  Drone x3  
  49  5:00  Drone x10  
  49  5:03  Metabolic Boost  
  59  5:08  Evolution Chamber  
  57  5:17  Drone x5  
  52  5:29  Drone x2  
  52  5:30  Drone x3  
  51  5:45  Drone x4  
  53  5:55  Spine Crawler  
  53  5:56  Queen  
  53  6:05  Evolution Chamber  
  53  6:06  Baneling Nest  
  47  6:18  Drone x9  
  57  6:31  Drone x6  
  63  6:36  Queen  
  61  6:56  Zergling x12  
  62  7:07  Drone x3  
  65  7:11  Spine Crawler  
  65  7:12  Lair  
  64  7:17  Zergling x12  
  64  7:22  Spore Crawler  
  69  7:24  Spore Crawler x2  
  69  7:28  Extractor x2, Queen  
  69  7:29  Extractor  
  54  7:57  Zergling x6  
  54  7:58  Zergling x20  
  55  8:10  Drone x3  
  48  8:37  Drone x7  
  54  8:42  Drone x2  
  54  8:43  Drone x3  
  59  8:56  Hatchery  
  58  9:07  Drone x2  
  58  9:08  Drone x2  
  58  9:09  Drone x2  
  65  9:10  Drone x2  
  65  9:11  Queen  
  65  9:12  Queen  
  69  9:21  Baneling  
  69  9:22  Drone x4  
  73  9:25  Extractor x2  
  73  9:27  Queen  
  73  9:33  Overlord x3  
  73  9:39  Hatchery, Baneling x2  
  73  9:40  Baneling  
  74  10:09  Spore Crawler  
Show
View Real Time Build Order
Export as new Build Order

RockEr Terran 

Build Orders: Hellion Opening 

Get SALT Encoding   

  12  0:02  SCV  
  13  0:14  SCV  
  13  0:19  Supply Depot  
  14  0:26  SCV  
  15  0:39  Refinery  
  15  0:41  Refinery, SCV  
  16  0:52  Barracks  
  16  0:56  SCV  
  17  1:08  SCV  
  18  1:20  SCV  
  19  1:32  SCV  
  20  1:42  Factory  
  20  1:48  Factory  
  20  1:59  Orbital Command  
  20  2:03  Marine  
  21  2:13  Supply Depot  
  21  2:27  Factory Reactor  
  21  2:34  Factory Reactor  
  21  2:37  SCV  
  21  2:43  Supply Depot  
  22  3:03  SCV  
  22  3:04  Hellion  
  22  3:05  Hellion  
  27  3:11  Hellion x2  
  31  3:18  Command Center  
  31  3:29  Hellion x2  
  31  3:32  Hellion  
  35  3:35  Hellion  
  35  3:39  Supply Depot  
  37  3:50  Hellion  
  39  4:01  Hellion x3  
  45  4:11  Hellion  
  45  4:22  Hellion x3  
  37  4:33  Hellion  
  37  4:36  SCV  
  40  4:43  Hellion  
  40  4:44  Starport  
  44  4:53  Hellion x2  
  44  4:57  Supply Depot  
  46  5:12  Hellion  
  36  5:23  Hellion x3  
  42  5:34  Hellion  
  42  5:48  Starport Tech Lab  
  38  5:50  Hellion  
  38  6:12  Hellion x2  
  38  6:17  Hellion  
  44  6:28  Medivac  
  46  6:38  Widow Mine x2  
  50  6:41  Widow Mine  
  50  6:44  Widow Mine  
  50  7:02  Widow Mine x2  
  50  7:07  Medivac  
  50  7:08  Widow Mine  
  58  7:20  Command Center  
  58  7:28  Widow Mine x2  
  56  7:56  Widow Mine x3  
  56  7:57  Widow Mine  
  54  8:17  Widow Mine  
  54  8:18  Widow Mine  
  36  8:43  Orbital Command  
  36  8:47  Command Center  
  36  8:49  Fusion Core  
  30  9:23  Orbital Command  
  36  9:40  SCV  
Tags
 
Add a new tag
Caveats
  • Supply blocks, unpowered buildings, or Contaminate may cause inaccurate times.
  • Supply counts are checked every 10 seconds.